 Dungeon Crawl Stone Soup version 0.30.1-11-g7821555f0a (webtiles) character file.

Game seed: 13259436397246541674

22 Sareth the Insei (level 2, -2/21 HPs)
             Began as a Demonspawn Transmuter on Nov 11, 2023.
             Slain by a quokka (3 damage)
             ... on level 2 of the Dungeon.
             The game lasted 00:27:03 (1096 turns).

Sareth the Insei (Demonspawn Transmuter)            Turns: 1096, Time: 00:27:03

Health: -2/21      AC:  2    Str:  8 (10) XL:     2   Next: 68%
Magic:  5/5        EV: 12    Int: 12 (14) God:
Gold:   106        SH:  0    Dex: 12 (13) Spells: 4/5 levels left

rFire   . .          .
                       - Unarmed
rCold   . . .        (no shield)
rNeg    . . .        a - +0 robe
rPois   .            (no helmet)
rElec   .            (no cloak)
rCorr   .            (no gloves)
SInv    .            (no boots)
Will    +....        (no amulet)
Stlth   +            d - ring of willpower
HPRegen 0.23/turn    (no ring)
MPRegen 0.09/turn

%: no passive effects
@: no status effects
A: powered by pain 1
a: no special abilities


You were on level 2 of the Dungeon.
You visited 1 branch of the dungeon, and saw 2 of its levels.

You collected 106 gold pieces.

Inventory:

Hand Weapons
 c - a +0 club
 e - a +0 club
 j - a +0 sling
 n - a +0 club
 o - a +0 dagger
 p - a +0 club
Missiles
 g - 4 large rocks
Armour
 a - a +0 robe (worn)
 f - a +0 robe
 k - a +0 robe
 l - a +0 ring mail
Jewellery
 d - a ring of willpower (left hand)
Scrolls
 m - a scroll of identify {unknown}
Potions
 b - a potion of lignification
 h - 2 potions of curing
 i - a potion of ambrosia (quivered) {unknown}


   Skills:
 - Level 1.0 Fighting
 + Level 2.0 Dodging
 + Level 3.4 Unarmed Combat
 + Level 2.0 Spellcasting
 * Level 1.9 Transmutations


You had 4 spell levels left.
You knew the following spells:

 Your Spells              Type           Power      Damage    Failure   Level
a - Beastly Appendage     Tmut           10%        N/A       12%         1

Your spell library contained the following spells:

 Spells                   Type           Power      Damage    Failure   Level
 Wereblood                Tmut           5%         N/A       19%         2
 Necrotise                Necr           4%         1d4       26%         1
 Spider Form              Tmut/Pois      3%         N/A       50%         3
 Ice Form                 Ice/Tmut       3%         N/A       88%         4
 Death Channel            Necr           0%         N/A       100%        6
 Infestation              Necr           0%         N/A       100%        8


Dungeon Overview and Level Annotations

Branches:
Dungeon (2/15)

Altars:


Innate Abilities, Weirdness & Mutations

You sometimes gain a little power by taking damage.


Message History

A giant cockroach comes into view.
Found 17 gold pieces.
You hit the dart slug.
The dart slug is moderately wounded.
The dart slug barely misses you.
You hit the dart slug.
The dart slug is heavily wounded.
You hit the dart slug.
The dart slug is severely wounded.
The dart slug bites you. The giant cockroach bites you.
You hit the dart slug.
The dart slug is almost dead.
The giant cockroach closely misses you. The dart slug misses you.
You hit the dart slug.
You kill the dart slug!
The giant cockroach bites you but does no damage.
The rat closely misses you.
You closely miss the rat. The giant cockroach bites you.
The rat barely misses you.
You barely miss the rat.
The giant cockroach bites you but does no damage.
The quokka barely misses you. The rat bites you.
You barely miss the rat. The giant cockroach closely misses you.
The quokka bites you. The rat misses you.
The giant cockroach closely misses you. The quokka bites you.
You hit the rat but do no damage. The quokka bites you.
* * * LOW HITPOINT WARNING * * *
The rat bites you.
* * * LOW HITPOINT WARNING * * *
The giant cockroach bites you.
* * * LOW HITPOINT WARNING * * *
The giant cockroach attacks as you move away!
The giant cockroach barely misses you. The rat barely misses you.
The quokka attacks as you move away! The quokka closely misses you.
The rat attacks as you move away! The rat bites you.
* * * LOW HITPOINT WARNING * * *
The giant cockroach attacks as you move away!
The giant cockroach bites you but does no damage.
The quokka attacks as you move away! The quokka bites you.
You die...

#....# #. #.####
#$. #. #†#
#..###.#### #.#
..........# #.#
#.......>.# #.#
#.........######.#
#.......B........#
#.[.....r@########
#.....†.r.#
#.........#
#..###.#### # #.
.. ###


You could see a quokka, a giant cockroach and a rat.

Vanquished Creatures
  A worm (D:2)
  A dart slug (D:2)
  2 ball pythons (D:2)
  An endoplasm (D:2)
  A giant cockroach (D:1)
  3 goblins
  3 hobgoblins (D:2)
  A bat (D:2)
  A frilled lizard (D:1)
  A kobold (D:1)
  A rat (D:1)
16 creatures vanquished.

Notes
Turn   | Place    | Note
-------+----------+-------------------------------------------
     0 | D:1      | Sareth the Demonspawn Transmuter began the quest for the
                  | Orb.
     0 | D:1      | Reached XP level 1. HP: 15/15 MP: 3/3
   651 | D:2      | Reached skill level 3 in Unarmed Combat
   679 | D:2      | Gained mutation: You sometimes gain a little power by
                  | taking damage. [demonic ancestry]
   679 | D:2      | Reached XP level 2. HP: 19/21 MP: 3/5
   702 | D:2      | Got the Tome of the Mausoleum
  1095 | D:2      | HP: 1/21 [rat (3)]
  1096 | D:2      | Slain by a quokka

Illustrated notes

Levels and vault maps discovered:
D:1:      minmay_arrival_diagonal_passages, layout_basic
D:2:      layout_loops_ring

Skill      XL: |  1  2 |
---------------+-------+-----
Unarmed Combat | 3 |  3.4
Dodging        | 2 |  2.0
Fighting       | |  1.0
Spellcasting   | |  2.0
Transmutations | |  1.9

Action                     || total
---------------------------++-------
  Melee: Unarmed           ||    65
         Headbutt          ||     2
         Kick              ||     2
         Punch             ||     1
   Cast: Beastly Appendage ||     8
Ability: End Transformatio ||     1
    Use: Potion            ||     3
 Armour: Robe              ||    15
  Dodge: Dodged            ||    40
